 Dungeon Crawl Stone Soup version 0.22-a0-283-g1871b15 (webtiles) character file.

12723 Amnesiac the Zephyrmancer (level 11, -14/67 HPs)
             Began as a Tengu Air Elementalist on Mar 20, 2018.
             Was a Priest of Sif Muna.
             Killed from afar by an orc sorcerer (39 damage)
             ... with a bolt of negative energy
             ... on level 1 of the Orcish Mines.
             The game lasted 00:24:02 (15464 turns).

Amnesiac the Zephyrmancer (Tengu Air Elementalist) Turns: 15464, Time: 00:24:03

Health: -14/67     AC:  6    Str: 10    XL:     11   Next: 97%
Magic:  4/27       EV: 18    Int: 18    God:    Sif Muna [***...]
Gold:   781        SH:  0    Dex: 14    Spells: 19/32 levels left

rFire    + . .     SeeInvis .   a - +0 blowgun
rCold    . . .     Gourm    .   (no shield)
rNeg     . . .     Faith    .   G - +1 robe
rPois    +         Spirit   .   (helmet restricted)
rElec    .         Reflect  .   y - +2 cloak
rCorr    .         Harm     +   (no gloves)
MR       .....                  (boots unavailable)
Stlth    ++........             H - amulet of harm
HPRegen  0.21/turn              n - ring of poison resistance
MPRegen  0.20/turn              l - ring of protection from fire

@: drained, divine energy
A: beak, talons 3, able to fly 1
a: Fly, Stop Divine Energy, Channel Magic, Renounce Religion


You were on level 1 of the Orcish Mines.
You worshipped Sif Muna.
Sif Muna was most pleased with you.
You were not hungry.

You visited 3 branches of the dungeon, and saw 13 of its levels.

You collected 781 gold pieces.

Inventory:

Hand Weapons
 a - a +0 blowgun (weapon)
 b - a +1 hunting sling of velocity
Missiles
 q - 93 sling bullets
 s - 287 stones (quivered)
Armour
 y - a +2 cloak (worn)
 G - a +1 robe (worn)
 N - a +0 leather armour of cold resistance
Jewellery
 l - a ring of protection from fire (right hand)
 n - a ring of poison resistance (left hand)
 t - an uncursed amulet of faith
 H - an amulet of harm (around neck)
Wands
 m - a wand of acid (5)
 p - a wand of polymorph (6)
 w - a wand of paralysis (10)
 x - a wand of scattershot (6)
 D - a wand of flame (29)
 E - a wand of enslavement (13)
 I - a wand of digging (11)
Scrolls
 j - 2 scrolls of magic mapping {!r}
 o - 2 scrolls of blinking {!r}
 u - 4 scrolls of teleportation {!r}
 J - a scroll of fear {!r}
 M - a scroll of enchant armour {!r}
Potions
 d - 2 potions of heal wounds {!q, unknown}
 e - 2 potions of degeneration {!q, unknown}
 f - 2 potions of cancellation {!q, unknown}
 g - a potion of brilliance {!q, unknown}
 h - 2 potions of might {!q, unknown}
 i - 2 potions of haste {!q, unknown}
 k - 2 potions of lignification {!q}
 r - 3 potions of ambrosia {!q}
 z - 2 potions of curing {!q}
 A - 3 potions of agility {!q}
 B - 2 potions of magic {!q}
 C - 3 potions of flight {!q}
 F - a potion of invisibility {!q}
Comestibles
 c - 16 rations


   Skills:
 - Level 7.0(6.3) Fighting
 - Level 11.0(10.2) Dodging
 - Level 2.0(1.3) Stealth
 * Level 11.1(10.3) Spellcasting
 - Level 1.3(0.7) Conjurations
 + Level 11.1(10.3) Air Magic


You had 19 spell levels left.
You knew the following spells:

 Your Spells              Type           Power        Failure   Level  Hunger
a - Airstrike             Air            #####.....   1%          4    ###....
b - Passwall              Tmut/Erth      #.........   12%         2    None
c - Lightning Bolt        Conj/Air       ####......   22%         5    #####..
d - Swiftness             Chrm/Air       ####....     1%          2    None


Dungeon Overview and Level Annotations

Branches:
Dungeon (11/15)            Temple (1/1) D:7            Lair (0/6) D:8
    Orc (1/2) D:11

Altars:
Ashenzari
Cheibriados
Dithmenos
Elyvilon
Fedhas
Gozag
Hepliaklqana
Kikubaaqudgha
Makhleb
Nemelex Xobeh
Okawaru
Qazlal
Ru
Sif Muna
Trog
Uskayaw
Vehumet
Wu Jian
Xom
Yredelemnul
Zin
The Shining One

Shops:
D:5 %   D:7 [   D:11 [


Innate Abilities, Weirdness & Mutations

You have a beak for a mouth.
You have claws for feet.
You can fly.


Message History

The curare-tipped needle hits the orc wizard.
The orc wizard is poisoned.
The orc wizard convulses.
The orc wizard seems to slow down.
The orc wizard is heavily wounded.
Casting: Airstrike (safe; 1% risk of failure)
Confirm with . or Enter, or press ? or * to list all spells.
Aiming: Airstrike (safe; 1% risk of failure)
Press: ? - help, Dir - move target cursor, f/p - orc wizard
Aim: an orc wizard, wielding a dagger and wearing a robe (heavily wounded, slow, poisoned)
The air twists around and strikes the orc wizard!
You kill the orc wizard!
Sif Muna accepts your kill. Sif Muna grants you divine energy.
You briefly lose access to your magic!
An ogre comes into view. It is wielding a giant club.
Firing (i - inventory. (/) - cycle)
v - 4 curare-tipped needles (quivered)
Press: ? - help, Shift-Dir - straight line, f - ogre
Aim: an ogre, wielding a giant club (hasn't noticed you)
You shoot a curare-tipped needle.
The curare-tipped needle barely misses the ogre.
You are unable to access your magic!
Firing (i - inventory. (/) - cycle)
v - 3 curare-tipped needles (quivered)
Press: ? - help, Shift-Dir - straight line, f/p - ogre
Aim: an ogre, wielding a giant club You shoot a curare-tipped needle.
The curare-tipped needle barely misses the ogre.
The ogre misses you.
Firing (i - inventory. (/) - cycle)
v - 2 curare-tipped needles (quivered)
Press: ? - help, Shift-Dir - straight line, f/p - ogre
Aim: an ogre, wielding a giant club You shoot a curare-tipped needle.
The curare-tipped needle hits the ogre.
The ogre is poisoned.
The ogre convulses.
The ogre seems to slow down.
The ogre is moderately wounded.
Firing (i - inventory. (/) - cycle)
v - a curare-tipped needle (quivered)
Press: ? - help, Shift-Dir - straight line, f/p - ogre
Aim: an ogre, wielding a giant club (moderately wounded, slow, poisoned)
You shoot a curare-tipped needle. The curare-tipped needle hits the ogre.
The ogre looks as sick as possible!
The ogre convulses.
The ogre seems to be slow for longer.
The ogre is almost dead.
The ogre completely misses you.
You regain access to your magic.
An orc sorcerer comes into view. It is wielding a dagger.
The orc sorcerer howls an incantation.
You feel disoriented.
Things that are here:
a leather armour; a club; a gnoll corpse You kill the ogre!
Sif Muna accepts your kill.
Throwing (i - inventory)
s - 288 stones (quivered)
Press: ? - help, Shift-Dir - straight line, f - orc sorcerer
Aim: an orc sorcerer, wielding a dagger and wearing a runed robe You throw a stone.
The stone hits the orc sorcerer.
The orc sorcerer is lightly wounded.
Unknown command.
The orc sorcerer's eyes start to glow.
You see here a halberd.
The orc sorcerer points at you and mumbles some strange words.
The bolt of fire hits you! You resist.
* * * LOW HITPOINT WARNING * * *
There is a staircase back to the Dungeon here.
The orc sorcerer points at you and mumbles some strange words.
The bolt of negative energy hits you!
You feel drained.
Ouch! That really hurt!
You die...

### ##.# #..##
###...##
#.....$###
###........#
#....(.....###
##...###.o.#.##
#....#####).@(#
##....###..)(#(#
#.......o[)###.#
###.......## ..
##.....## ...
#...### o...
##### ##... #.oo


You could see an orc sorcerer and an orc.

Vanquished Creatures
  Harold (D:11)
  3 two-headed ogres
  The ghost of Amnesiac the Zephyrmancer, a novice TeAE of Sif Muna (D:8)
  The ghost of Amnesiac the Thaumaturge, a novice TeAE of Sif Muna (D:6)
  An orc sorcerer (Orc:1)
  An orc knight (D:11)
  A water elemental (D:11)
  A wyvern (D:6)
  A steam dragon (D:7)
  4 yaks
  3 hungry ghosts
  The ghost of Amnesiac the Gusty, an amateur TeAE (D:3)
  3 water moccasins
  2 porcupines (D:8)
  2 sky beasts
  An ice beast (D:6)
  4 ogres
  10 orc warriors
  A black bear (D:9)
  2 phantoms
  5 centaurs
  A big kobold (D:8)
  2 gnoll sergeants (D:9)
  A bullfrog (D:11)
  3 scorpions
  7 killer bees
  4 vampire bats
  4 howler monkeys
  5 electric eels (D:11)
  A bullfrog zombie (D:8)
  2 centaur zombies
  5 crimson imps
  10 hounds
  8 orc priests
  3 jellies
  A gnoll shaman (Orc:1)
  16 orc wizards
  2 bullfrog skeletons
  3 centaur skeletons
  3 iguanas
  10 worker ants
  Terence (D:3)
  2 hell rats (D:8)
  A howler monkey zombie (D:10)
  10 adders
  13 gnolls
  A howler monkey skeleton (D:4)
  A river rat (D:8)
  A shadow imp (D:10)
  An adder skeleton (D:4)
  2 dart slugs (D:3)
  6 worms
  5 leopard geckos
  43 orcs
  5 bat skeletons (D:9)
  6 giant cockroaches
  13 goblins
  7 hobgoblins
  11 jackals
  11 kobolds
  6 quokkas
  2 ball pythons (D:2)
  12 bats
  5 frilled lizards
  A quokka zombie (D:8)
  5 rats
311 creatures vanquished.

Notes
Turn   | Place    | Note
-------+----------+-------------------------------------------
     0 | D:1      | Amnesiac the Tengu Air Elementalist began the quest for the Orb.
     0 | D:1      | Reached XP level 1. HP: 10/10 MP: 4/4
   164 | D:1      | Reached XP level 2. HP: 15/15 MP: 0/6
   604 | D:2      | Reached skill level 5 in Air Magic
   611 | D:2      | Reached XP level 3. HP: 19/19 MP: 0/7
   870 | D:2      | Reached XP level 4. HP: 24/24 MP: 0/9
   937 | D:2      | Learned a level 4 spell: Airstrike
  1584 | D:3      | Noticed Terence
  1607 | D:3      | Killed Terence
  1607 | D:3      | Gained mutation: You can fly. [Tengu growth]
  1607 | D:3      | Reached XP level 5. HP: 23/28 MP: 1/10
  1619 | D:3      | Noticed Amnesiac's ghost (amateur TeAE)
  2105 | D:3      | Found a stormy altar of Qazlal.
  2105 | D:3      | Found a shimmering altar of Xom.
  2363 | D:3      | Killed Amnesiac's ghost
  2363 | D:3      | Reached XP level 6. HP: 28/32 MP: 1/12
  2404 | D:3      | Learned a level 5 spell: Lightning Bolt
  2407 | D:3      | Learned a level 2 spell: Swiftness
  3219 | D:4      | Reached XP level 7. HP: 24/36 MP: 9/14
  3227 | D:4      | Noticed a hungry ghost
  3356 | D:3      | Killed a hungry ghost
  3356 | D:3      | Reached skill level 5 in Spellcasting
  3563 | D:4      | Found a stormy altar of Qazlal.
  4106 | D:5      | Entered Level 5 of the Dungeon
  4295 | D:5      | Reached XP level 8. HP: 28/41 MP: 5/18
  4820 | D:5      | Found the +4 Vampire's Tooth {vamp}
  5191 | D:5      | Found Elah Aqa's Food Boutique.
  5417 | D:6      | Reached skill level 1 in Fighting
  5742 | D:6      | Reached XP level 9. HP: 48/48 MP: 9/22
  5768 | D:6      | Noticed Amnesiac's ghost (novice TeAE)
  5883 | D:6      | Killed Amnesiac's ghost
  5921 | D:6      | Found a hazy altar of Hepliaklqana.
  6842 | D:7      | Found a staircase to the Ecumenical Temple.
  6985 | Temple   | Entered the Ecumenical Temple
  7470 | D:7      | Found Nainixi's Armour Shoppe.
  7508 | D:7      | Found a snail-covered altar of Cheibriados.
  7639 | D:8      | Noticed Amnesiac's ghost (novice TeAE)
  7715 | D:8      | Killed Amnesiac's ghost
  7715 | D:8      | Reached skill level 5 in Fighting
  7715 | D:8      | Reached XP level 10. HP: 52/59 MP: 1/23
  8235 | D:8      | Noticed a death yak
  9183 | D:8      | Learned a level 2 spell: Passwall
  9212 | D:8      | Noticed a death yak
  9228 | D:8      | Noticed a death yak
  9384 | D:8      | Reached skill level 10 in Dodging
  9813 | D:8      | Found a staircase to the Lair.
 10080 | D:9      | Noticed a two-headed ogre
 10088 | D:9      | Killed a two-headed ogre
 10597 | D:9      | Found a deep blue altar of Sif Muna.
 10654 | D:9      | Became a worshipper of Sif Muna the Loreminder
 11356 | D:9      | Reached XP level 11. HP: 51/67 MP: 0/24
 11715 | D:9      | Found an ancient bone altar of Kikubaaqudgha.
 11827 | D:9      | Found a white marble altar of Elyvilon.
 12070 | D:10     | Entered Level 10 of the Dungeon
 12243 | D:10     | Reached * piety under Sif Muna
 13326 | D:11     | Noticed Harold
 13383 | D:11     | Killed Harold
 13383 | D:11     | Reached skill level 10 in Air Magic
 13662 | D:11     | Reached ** piety under Sif Muna
 13812 | D:11     | Noticed a two-headed ogre
 13819 | D:11     | Reached skill level 10 in Spellcasting
 13924 | D:11     | Killed a two-headed ogre
 14208 | D:11     | Noticed an orc knight
 14431 | D:11     | Noticed a two-headed ogre
 14434 | D:11     | Killed a two-headed ogre
 14771 | D:11     | Found Axuplime's Antique Armour Emporium.
 14927 | D:11     | Killed an orc knight
 15049 | D:11     | Reached *** piety under Sif Muna
 15181 | D:11     | Found a staircase to the Orcish Mines.
 15285 | Orc:1    | Entered Level 1 of the Orcish Mines
 15289 | Orc:1    | Noticed an orc sorcerer
 15426 | Orc:1    | Killed an orc sorcerer
 15448 | Orc:1    | Noticed an orc sorcerer
 15464 | Orc:1    | Killed from afar by an orc sorcerer

Vault maps used:
D:1:      dpeg_arrival_arbitrary_c
D:2:      minmay_door_path, grunt_ministairs_1
D:3:      chequers_temple_overflow_statue_of_worship, uniq_terence
D:4:      first_ration, grunt_qazlal_clouds
D:5:      serial_shops, shop, minmay_guarded_unrand_vampires_tooth
D:6:      kennysheep_mini_moat, kennysheep_generic_room_6
D:7:      marbit_many_paths, minmay_temple_entry_hall, serial_shops, shop
D:8:      dpeg_lair_monsters
D:9:      kennysheep_vampire_church, led_sif_pool, lemuel_crystal_altar
D:11:     erik_orc_2, serial_shops, kennysheep_little_box, uniq_harold
Temple:   eino_wide_crystal_templ

Skill      XL: |  1  2  3  4  5  6  7  8  9 10 11 |
---------------+----------------------------------+-----
Air Magic      | 5 6 7 8 11 | 11.1
Spellcasting   | 3 4 6 8 11 | 11.1
Fighting       | 2 5 7 |  7.0
Dodging        | 4 8 11 | 11.0
Stealth        | |  2.0
Conjurations   | |  1.3

Action                   |  1- 3 |  4- 6 |  7- 9 | 10-12 || total
-------------------------+-------+-------+-------+-------++-------
Melee: Unarmed           |     2 |       |       |       ||     2
       Kick              |     1 |       |       |    37 ||    38
       Peck              |     1 |       |       |    19 ||    20
       Dagger            |       |       |       |   113 ||   113
 Fire: Hunting sling     |       |   100 |    89 |       ||   189
       Blowgun           |       |       |       |     8 ||     8
Throw: Stone             |       |       |       |     1 ||     1
 Cast: Shock             |    58 |    39 |       |       ||    97
       Airstrike         |       |     6 |   117 |   283 ||   406
       Passwall          |       |       |       |     1 ||     1
Invok: Divine Energy     |       |       |       |     1 ||     1
 Abil: Fly               |       |     1 |       |     5 ||     6
Evoke: Wand              |       |       |       |     2 ||     2
  Use: Scroll            |       |    14 |     3 |     6 ||    23
       Potion            |       |       |       |     1 ||     1
  Eat: Chunk             |       |     9 |    20 |    34 ||    63
       Ration            |       |       |     3 |     5 ||     8
Armor: Robe              |     1 |     7 |     1 |    45 ||    54
       Ring mail         |       |     2 |    16 |       ||    18
Dodge: Dodged            |     8 |    39 |    56 |   225 ||   328

Table legend:
 A = Spawn XP
 B = Non-spawn XP
 C = Spawn XP percentage of total XP
 D = Spawn monster count
 E = Non-spawn monster count
 F = Spawn count percentage of total count
 G = Total turns spent on level
                    A         B        C        D         E        F      G
               +---------+---------+-------+---------+---------+-------+---------
         Total |       0 |   18176 |   0.0 |       0 |     311 |   0.0 | 15464
               +---------+---------+-------+---------+---------+-------+---------
           D:1 |       0 |      27 |   0.0 |       0 |      14 |   0.0 |   664
           D:2 |       0 |      88 |   0.0 |       0 |      28 |   0.0 |   908
           D:3 |       0 |     595 |   0.0 |       0 |      23 |   0.0 |  1781
           D:4 |       0 |     386 |   0.0 |       0 |      18 |   0.0 |   913
           D:5 |       0 |     841 |   0.0 |       0 |      30 |   0.0 |  1177
           D:6 |       0 |    1316 |   0.0 |       0 |      11 |   0.0 |  1252
           D:7 |       0 |     715 |   0.0 |       0 |      15 |   0.0 |   907
           D:8 |       0 |    2977 |   0.0 |       0 |      53 |   0.0 |  2217
           D:9 |       0 |    3248 |   0.0 |       0 |      51 |   0.0 |  2586
          D:10 |       0 |    1154 |   0.0 |       0 |      15 |   0.0 |   664
          D:11 |       0 |    5871 |   0.0 |       0 |      40 |   0.0 |  2291
         Orc:1 |       0 |     958 |   0.0 |       0 |      13 |   0.0 |    52
               +---------+---------+-------+---------+---------+-------+---------
